 Dungeon Crawl Stone Soup version 0.20.1-1-g8b1a95d (webtiles) character file.

107 HammerPanzer the Cudgeler (level 4, -2/54 HPs)
             Began as a Demonspawn Berserker on Oct 28, 2017.
             Was a Believer of Trog.
             Slain by a gnoll
             ... wielding a +0 spear
              (4 damage)
             ... on level 2 of the Dungeon.
             The game lasted 00:05:52 (2089 turns).

HammerPanzer the Cudgeler (Demonspawn Berserker)    Turns: 2089, Time: 00:05:53

Health: -2/54      AC:  6    Str: 23    XL:     4   Next: 57%
Magic:  4/4        EV: 10    Int:  9    God:    Trog [**....]
Gold:   95         SH:  0    Dex: 12    Spells: 3/3 levels left

rFire    . . .     SeeInvis .   a - +0 mace
rCold    . . .     Gourm    .   (no shield)
rNeg     . . .     Faith    .   m - +0 scale mail
rPois    .         Spirit   .   (no helmet)
rElec    .         Reflect  .   (no cloak)
rCorr    .         Harm     .   (no gloves)
MR       .....                  (no boots)
Stlth    ..........             (no amulet)
Regen    0.2/turn               (no ring)
MPRegen  0.1/turn               (no ring)

@: berserking (expiring), very quick
A: spiny 2
a: Berserk, Trog's Hand, Burn Spellbooks, Renounce Religion


You were on level 2 of the Dungeon.
You worshipped Trog.
Trog was pleased with you.
You were hungry.

You visited 1 branch of the dungeon, and saw 3 of its levels.

You collected 95 gold pieces.

Inventory:

Hand Weapons
 a - a +0 mace (weapon)
 h - a +2 whip of electrocution
Missiles
 l - 13 javelins (quivered)
 n - 8 tomahawks of returning
Armour
 m - a +0 scale mail (worn)
Jewellery
 b - a +1 ring of protection {unknown}
 r - a +4 ring of evasion {unknown}
Scrolls
 d - 2 scrolls of identify {unknown}
 e - a scroll of magic mapping {unknown}
 i - 5 scrolls of amnesia {unknown}
 q - a scroll of teleportation {unknown}
 s - a scroll of remove curse {unknown}
Potions
 f - a potion of might {unknown}
 g - 2 potions of heal wounds {unknown}
 j - 2 potions of curing {unknown}
 o - a potion of lignification {unknown}
 p - a potion of invisibility {unknown}
 u - a potion of haste {unknown}
 v - a potion of resistance {unknown}
 w - a potion of degeneration {unknown}
Comestibles
 c - 2 bread rations
 k - 4 chunks of flesh
 t - 4 fruits


   Skills:
 + Level 3.6 Fighting
 * Level 4.4 Maces & Flails
 - Level 1.7 Armour
 - Level 1.7 Dodging


You had 3 spell levels left.
You didn't know any spells.

Dungeon Overview and Level Annotations

Branches:
Dungeon (3/15)

Altars:
Nemelex Xobeh


Innate Abilities, Weirdness & Mutations

You are mostly covered in sharp spines.


Message History

The gnoll is heavily wounded.
The gnoll hits you from afar with a spear.
* * * LOW HITPOINT WARNING * * *
The gnoll hits you with a spear.
* * * LOW HITPOINT WARNING * * *
The gnoll hits you but does no damage.
You thump the gnoll!
You kill the gnoll!
Trog accepts your kill.
The gnoll hits you from afar with a spear.
* * * LOW HITPOINT WARNING * * *
The gnoll barely misses you. The gnoll is struck by your spines.
The gnoll barely misses you. The gnoll hits you but does no damage.
You see here a spear.
You thump the gnoll!
You kill the gnoll!
Trog accepts your kill.
You completely miss the gnoll. The gnoll hits you with a spear.
You die...

[....####.....#..............#...
.....# #.....#..................
.....# #.....#..................
.....# #.....#..................
.....#######.#...................
.............#...................
............................###..
...............†..##........# #..
...#..........##@##.........# #..
...#...........g)##...#....####..
...#..................#..........
.######.....#.......###...(......
.# #######.......# #.......... ..
#########.......###.......... ...
#...........>.........[......
..#............................
.g.#.............#..............


You could see a gnoll.

Vanquished Creatures
  3 gnolls (D:2)
  An adder (D:2)
  3 oozes
  3 worms (D:2)
  A leopard gecko (D:1)
  An orc (D:2)
  5 bats
  4 giant cockroaches
  9 goblins
  3 jackals (D:1)
  8 kobolds
  A ball python (D:2)
  A frilled lizard (D:1)
  6 rats
49 creatures vanquished.

Notes
Turn   | Place    | Note
-------+----------+-------------------------------------------
     0 | D:1      | HammerPanzer the Demonspawn Berserker began the quest for the Orb.
     0 | D:1      | Reached XP level 1. HP: 18/18 MP: 1/1
    41 | D:1      | Reached skill level 3 in Maces & Flails
    41 | D:1      | Gained mutation: You are partially covered in sharp spines. [demonic ancestry]
    41 | D:1      | Reached XP level 2. HP: 12/24 MP: 2/2
   470 | D:1      | Reached XP level 3. HP: 28/29 MP: 3/3
   785 | D:1      | Reached ** piety under Trog
  1474 | D:2      | Reached skill level 4 in Maces & Flails
  1788 | D:2      | Gained mutation: You are mostly covered in sharp spines. [demonic ancestry]
  1788 | D:2      | Reached XP level 4. HP: 35/35 MP: 4/4
  2044 | D:2      | Found a sparkling altar of Nemelex Xobeh.
  2086 | D:2      | HP: 2/54 [gnoll/spear (2)]
  2089 | D:2      | Slain by a gnoll

Skill      XL: |  1  2  3 |
---------------+----------+-----
Maces & Flails | 3 4 |  4.4
Fighting       | |  3.6
Armour         | |  1.7
Dodging        | |  1.7

Action                   |  1- 3 |  4- 6 || total
-------------------------+-------+-------++-------
Melee: Mace              |    83 |    26 ||   109
Invok: Berserk           |       |     1 ||     1
 Stab: Sleeping          |     1 |       ||     1
  Eat: Chunk             |     3 |     1 ||     4
Armor: Ring mail         |    14 |       ||    14
       Scale mail        |     6 |    11 ||    17
Dodge: Dodged            |    51 |    13 ||    64
